TOP OF THE 1ST |
Atlantic City Sonics batting - Pitching for Durham Rapiers : RHP Johnnie Bough
|
Pitching: RHP Johnnie Bough
|
|
Batting: RHB Thurman Blumer
|
0-0: Swinging Strike 0-1: Called Strike 0-2: Strikes out swinging
|
Batting: RHB José Rodríguez
|
0-0: Ball 1-0: Foul Ball, location: 2F 1-1: SINGLE (Groundball, 6MD)
|
Batting: RHB Eddie Sachs
|
0-0: Called Strike 0-1: Called Strike 0-2: Ball 1-2: Ball 2-2: Ball 3-2: Foul Ball, location: 2F 3-2: Base on Balls José Rodríguez to second
|
Batting: LHB Kelvin Abbott
|
0-0: Ground out U3 (Groundball, 34S) José Rodríguez to third Eddie Sachs to second
|
Batting: RHB Alejandro Sánchez
|
0-0: Ground out 6-3 (Groundball, 6)
|
Top of the 1st over - 0 runs, 1 hit, 0 errors, 2 left on base; Atlantic City 0 - Durham 0 |
BOTTOM OF THE 1ST |
Durham Rapiers batting - Pitching for Atlantic City Sonics : RHP Ramón Ocegueda
|
Pitching: RHP Ramón Ocegueda
|
|
Batting: LHB Alberto Garza
|
0-0: Foul Ball, location: 2F 0-1: Reached on error, E4 (Groundball, 4S)
|
Batting: RHB Tomás Costello
|
0-0: Ball 1-0: Foul Ball, location: 2F 1-1: Ball 2-1: Called Strike 2-2: Foul Ball, location: 2F 2-2: Foul Ball, location: 2F 2-2: Fly out, F1 (Line Drive, 13)
|
Batting: SHB Wenceslas Holbeche
|
0-0: Called Strike 0-1: SINGLE (Line Drive, 4) (infield hit) Alberto Garza to third
|
Batting: RHB Vincent Klein
|
0-0: Ball 1-0: Fly out, F3 (Popup, 3F)
|
Batting: RHB Guillermo Mata
|
0-0: Ball Pickoff Throw to First - Error! E1 Alberto Garza scores Wenceslas Holbeche to second 1-0: Ball 2-0: Called Strike 2-1: Foul Ball, location: 2F 2-2: Fly out, F7 (Flyball, 7LS)
|
Bottom of the 1st over - 1 run, 1 hit, 2 errors, 1 left on base; Atlantic City 0 - Durham 1 |
TOP OF THE 2ND |
Atlantic City Sonics batting - Pitching for Durham Rapiers : RHP Johnnie Bough
|
Batting: LHB Juan Ledezma
|
0-0: DOUBLE (Line Drive, 8LD)
|
Batting: LHB José Pacheco
|
0-0: Ball 1-0: Ball 2-0: Foul Ball, location: 2F 2-1: Foul Ball, location: 2F 2-2: Ground out 5-3 (Groundball, 56)
|
Batting: RHB Malcolm Campbell
|
0-0: Foul Ball, location: 2F 0-1: Ball 1-1: Ball 2-1: Ball 3-1: Base on Balls
|
Batting: SHB Curt Pack
|
0-0: Ball 1-0: Ball 2-0: Ball 3-0: Called Strike 3-1: Base on Balls Juan Ledezma to third Malcolm Campbell to second
|
Batting: RHB Thurman Blumer
|
0-0: Ball 1-0: Ball 2-0: Ball 3-0: Base on Balls Juan Ledezma scores Malcolm Campbell to third Curt Pack to second
|
Batting: RHB José Rodríguez
|
0-0: Foul Ball, location: 2F 0-1: Ball 1-1: Foul Ball, location: 2F 1-2: Ball 2-2: SINGLE (Line Drive, 8RS) Malcolm Campbell scores Curt Pack to third Thurman Blumer to second
|
Batting: RHB Eddie Sachs
|
0-0: Called Strike 0-1: Ball 1-1: SINGLE (Flyball, 78M) Curt Pack scores Thurman Blumer to third José Rodríguez to second
|
Batting: LHB Kelvin Abbott
|
0-0: Fly out, F8 (Line Drive, 78M) Runner from 3rd tags up, SCORES, no throw
|
Now in CF: Terry Loyd
|
|
Batting: RHB Alejandro Sánchez
|
0-0: DOUBLE (Flyball, 89XD) José Rodríguez scores Eddie Sachs to third Runner from 3rd tries for Home, SAFE, no throw
|
Batting: LHB Juan Ledezma
|
0-0: Ball 1-0: Ball 2-0: Ground out U3 (Groundball, 34)
|
Top of the 2nd over - 6 runs, 4 hits, 0 errors, 1 left on base; Atlantic City 6 - Durham 1 |
BOTTOM OF THE 2ND |
Durham Rapiers batting - Pitching for Atlantic City Sonics : RHP Ramón Ocegueda
|
Batting: RHB Raúl Moreno
|
0-0: Called Strike 0-1: Ball 1-1: SINGLE (Groundball, 56D)
|
Batting: RHB Yoshi Kouda
|
0-0: Called Strike 0-1: Ball 1-1: Foul Ball, location: 2F 1-2: Strikes out swinging
|
Batting: RHB Lu-fang Koo
|
0-0: Ball 1-0: Ball 2-0: Ball 3-0: Called Strike 3-1: Base on Balls Raúl Moreno to second
|
Batting: RHB Júlio Gonzáles
|
0-0: Ball 1-0: Foul Ball, location: 2F 1-1: Swinging Strike 1-2: Ball 2-2: Fly out, F8 (Flyball, 89M)
|
Batting: LHB Alberto Garza
|
0-0: Called Strike 0-1: Fly out, F3 (Line Drive, 3)
|
Bottom of the 2nd over - 0 runs, 1 hit, 0 errors, 2 left on base; Atlantic City 6 - Durham 1 |
TOP OF THE 3RD |
Atlantic City Sonics batting - Pitching for Durham Rapiers : RHP Johnnie Bough
|
Batting: LHB José Pacheco
|
0-0: Ground out 4-3 (Groundball, 4M)
|
Batting: RHB Malcolm Campbell
|
0-0: Ball 1-0: Ball 2-0: Ball 3-0: Called Strike 3-1: Fly out, F8 (Flyball, 8LD)
|
Batting: SHB Curt Pack
|
0-0: Foul Ball, location: 2F 0-1: Foul Ball, location: 2F 0-2: Strikes out swinging
|
Top of the 3rd over - 0 runs, 0 hits, 0 errors, 0 left on base; Atlantic City 6 - Durham 1 |
BOTTOM OF THE 3RD |
Durham Rapiers batting - Pitching for Atlantic City Sonics : RHP Ramón Ocegueda
|
Batting: RHB Tomás Costello
|
0-0: Called Strike 0-1: Fly out, F8 (Flyball, 8LM)
|
Batting: RHB Terry Loyd
|
0-0: Ball 1-0: Swinging Strike 1-1: Ball 2-1: Ball 3-1: Base on Balls
|
Batting: RHB Vincent Klein
|
0-0: Fly out, F9 (Flyball, 9D)
|
Batting: RHB Guillermo Mata
|
0-0: Foul Ball, location: 2F 0-1: Foul Ball, location: 2F 0-2: Fly out, F7 (Flyball, 78D)
|
Bottom of the 3rd over - 0 runs, 0 hits, 0 errors, 1 left on base; Atlantic City 6 - Durham 1 |
TOP OF THE 4TH |
Atlantic City Sonics batting - Pitching for Durham Rapiers : RHP Johnnie Bough
|
Batting: RHB Thurman Blumer
|
0-0: Called Strike 0-1: Foul Ball, location: 2F 0-2: Ball 1-2: Foul Ball, location: 2F 1-2: Strikes out swinging, 2-3 out at first.
|
Batting: RHB José Rodríguez
|
0-0: Ball 1-0: Ball 2-0: Swinging Strike 2-1: Called Strike 2-2: Fly out, F9 (Flyball, 8RS)
|
Batting: RHB Eddie Sachs
|
0-0: Ball 1-0: Called Strike 1-1: Ball 2-1: Ball 3-1: Called Strike 3-2: Fly out, F1 (Line Drive, 13)
|
Top of the 4th over - 0 runs, 0 hits, 0 errors, 0 left on base; Atlantic City 6 - Durham 1 |
BOTTOM OF THE 4TH |
Durham Rapiers batting - Pitching for Atlantic City Sonics : RHP Ramón Ocegueda
|
Batting: RHB Raúl Moreno
|
0-0: Called Strike 0-1: Swinging Strike 0-2: Strikes out swinging
|
Batting: RHB Yoshi Kouda
|
0-0: Ground out U3 (Groundball, 34)
|
Batting: RHB Lu-fang Koo
|
0-0: Ball 1-0: Fly out, F8 (Flyball, 8LD)
|
Bottom of the 4th over - 0 runs, 0 hits, 0 errors, 0 left on base; Atlantic City 6 - Durham 1 |
TOP OF THE 5TH |
Atlantic City Sonics batting - Pitching for Durham Rapiers : RHP Johnnie Bough
|
Batting: LHB Kelvin Abbott
|
0-0: Ball 1-0: Foul Ball, location: 2F 1-1: Ball 2-1: Called Strike 2-2: Ground out 4-3 (Groundball, 4)
|
Batting: RHB Alejandro Sánchez
|
0-0: Ball 1-0: Foul Ball, location: 2F 1-1: Swinging Strike 1-2: Foul Ball, location: 2F 1-2: Foul Ball, location: 2F 1-2: Strikes out swinging
|
Batting: LHB Juan Ledezma
|
0-0: Ball 1-0: Swinging Strike 1-1: Called Strike 1-2: Strikes out swinging
|
Top of the 5th over - 0 runs, 0 hits, 0 errors, 0 left on base; Atlantic City 6 - Durham 1 |
BOTTOM OF THE 5TH |
Durham Rapiers batting - Pitching for Atlantic City Sonics : RHP Ramón Ocegueda
|
Batting: RHB Júlio Gonzáles
|
0-0: Ball 1-0: Ball 2-0: Ball 3-0: Base on Balls
|
Batting: LHB Alberto Garza
|
0-0: Ball 1-0: Ball 2-0: Ball 3-0: Base on Balls Júlio Gonzáles to second
|
Batting: RHB Tomás Costello
|
0-0: Swinging Strike 0-1: Swinging Strike 0-2: Foul Ball, location: 2F 0-2: Ball 1-2: Strikes out looking
|
Batting: RHB Terry Loyd
|
0-0: Called Strike 0-1: Ball 1-1: Swinging Strike 1-2: Ball 2-2: Strikes out swinging
|
Batting: RHB Vincent Klein
|
0-0: Called Strike 0-1: Ball 1-1: Foul Ball, location: 2F 1-2: Ball 2-2: Foul Ball, location: 2F 2-2: Fly out, F8 (Flyball, 8RD)
|
Bottom of the 5th over - 0 runs, 0 hits, 0 errors, 2 left on base; Atlantic City 6 - Durham 1 |
TOP OF THE 6TH |
Atlantic City Sonics batting - Pitching for Durham Rapiers : RHP Johnnie Bough
|
Pitching: RHP Jesús Rivera
|
|
Batting: LHB José Pacheco
|
0-0: Called Strike 0-1: Swinging Strike 0-2: Foul Ball, location: 2F 0-2: Ball 1-2: Fly out, F9 (Flyball, 89M)
|
Batting: RHB Malcolm Campbell
|
0-0: Called Strike 0-1: Ball 1-1: Ball 2-1: Called Strike 2-2: Ball 3-2: Strikes out swinging
|
Batting: SHB Curt Pack
|
0-0: Ball 1-0: Ball 2-0: Ball 3-0: Base on Balls
|
Pitching: LHP Bill Minor
|
|
Batting: RHB Thurman Blumer
|
0-0: Foul Ball, location: 2F 0-1: Ball 1-1: Ball 2-1: Foul Ball, location: 2F 2-2: Fly out, F4 (Popup, 4D)
|
Top of the 6th over - 0 runs, 0 hits, 0 errors, 1 left on base; Atlantic City 6 - Durham 1 |
BOTTOM OF THE 6TH |
Durham Rapiers batting - Pitching for Atlantic City Sonics : RHP Ramón Ocegueda
|
Batting: RHB Guillermo Mata
|
0-0: SINGLE (Groundball, 34D)
|
Batting: RHB Raúl Moreno
|
0-0: Ball 1-0: Ball 2-0: Called Strike 2-1: Ball 3-1: Base on Balls Guillermo Mata to second
|
Batting: RHB Yoshi Kouda
|
0-0: Swinging Strike 0-1: Called Strike 0-2: Fly out, F6 (Popup, 6)
|
Batting: RHB Lu-fang Koo
|
0-0: Ball 1-0: Ball 2-0: Called Strike 2-1: Fly out, F8 (Line Drive, 8LD)
|
Batting: RHB Júlio Gonzáles
|
0-0: Ball 1-0: Ball 2-0: Called Strike 2-1: Ball 3-1: Base on Balls Guillermo Mata to third Raúl Moreno to second
|
Batting: LHB Alberto Garza
|
0-0: Ball 1-0: Swinging Strike 1-1: Ball 2-1: Foul Ball, location: 2F 2-2: Strikes out swinging
|
Bottom of the 6th over - 0 runs, 1 hit, 0 errors, 3 left on base; Atlantic City 6 - Durham 1 |
TOP OF THE 7TH |
Atlantic City Sonics batting - Pitching for Durham Rapiers : LHP Bill Minor
|
Batting: RHB José Rodríguez
|
0-0: Ball 1-0: Ball 2-0: Called Strike 2-1: Ball 3-1: Foul Ball, location: 2F 3-2: Fly out, F9 (Flyball, 9LM)
|
Batting: RHB Eddie Sachs
|
0-0: Ball 1-0: Fly out, F5 (Line Drive, 5)
|
Batting: LHB Kelvin Abbott
|
0-0: Foul Ball, location: 2F 0-1: Fly out, F4 (Popup, 4MD)
|
Top of the 7th over - 0 runs, 0 hits, 0 errors, 0 left on base; Atlantic City 6 - Durham 1 |
BOTTOM OF THE 7TH |
Durham Rapiers batting - Pitching for Atlantic City Sonics : RHP Ramón Ocegueda
|
Batting: RHB Tomás Costello
|
0-0: Called Strike 0-1: Ground out 6-3 (Groundball, 6)
|
Batting: RHB Terry Loyd
|
0-0: Called Strike 0-1: Ball 1-1: Ball 2-1: Called Strike 2-2: Ball 3-2: Foul Ball, location: 2F 3-2: Base on Balls
|
Pitching: RHP José Cabrera
|
|
Batting: RHB Vincent Klein
|
0-0: SINGLE (Groundball, 34D) Terry Loyd to second Runner from 2nd tries for 3rd, SAFE, no throw
|
Batting: RHB Guillermo Mata
|
0-0: Called Strike 0-1: Called Strike 0-2: Ball 1-2: Foul Ball, location: 2F 1-2: DOUBLE (Line Drive, 78D) Terry Loyd scores Vincent Klein to third
|
Batting: RHB Raúl Moreno
|
0-0: Foul Ball, location: 2F 0-1: Called Strike 0-2: Strikes out swinging
|
Batting: RHB Yoshi Kouda
|
0-0: Called Strike 0-1: Ball 1-1: Called Strike 1-2: Strikes out swinging
|
Bottom of the 7th over - 1 run, 2 hits, 0 errors, 2 left on base; Atlantic City 6 - Durham 2 |
TOP OF THE 8TH |
Atlantic City Sonics batting - Pitching for Durham Rapiers : LHP Bill Minor
|
Batting: RHB Alejandro Sánchez
|
0-0: Ball 1-0: Ball 2-0: Ball 3-0: Base on Balls
|
Batting: LHB Juan Ledezma
|
0-0: Ball 1-0: Ball 2-0: Called Strike 2-1: Bunted foul 2-2: Foul Ball, location: 2F 2-2: Foul Ball, location: 2F 2-2: Ball 3-2: SINGLE (Groundball, 4MD) Alejandro Sánchez to second Alejandro Sánchez to third
|
Batting: LHB José Pacheco
|
0-0: Swinging Strike 0-1: Ball 1-1: Fly out, F5 (Popup, 5DF)
|
Batting: RHB Malcolm Campbell
|
0-0: Ball 1-0: Ball 2-0: Called Strike 2-1: Ground out 5-3 (Groundball, 56S) Juan Ledezma to second
|
Batting: SHB Curt Pack
|
0-0: Ball 1-0: Swinging Strike 1-1: Foul Ball, location: 2F 1-2: Foul Ball, location: 2F 1-2: Foul Ball, location: 2F 1-2: Ball 2-2: Foul Ball, location: 2F 2-2: Ball 3-2: Strikes out looking
|
Top of the 8th over - 0 runs, 1 hit, 0 errors, 2 left on base; Atlantic City 6 - Durham 2 |
BOTTOM OF THE 8TH |
Durham Rapiers batting - Pitching for Atlantic City Sonics : RHP José Cabrera
|
Batting: RHB Lu-fang Koo
|
0-0: Fly out, F4 (Popup, 13S)
|
Batting: RHB Júlio Gonzáles
|
0-0: Ball 1-0: Called Strike 1-1: Ball 2-1: Ground out 1-3 (Groundball, 13)
|
Batting: LHB Alberto Garza
|
0-0: Ball 1-0: Ball 2-0: SOLO HOME RUN (Line Drive, 9LD), Distance : 345 ft
|
Batting: RHB Tomás Costello
|
0-0: Ball 1-0: Called Strike 1-1: Ball 2-1: Ball 3-1: Base on Balls
|
Batting: RHB Terry Loyd
|
0-0: Foul Ball, location: 2F 0-1: Ball 1-1: Swinging Strike 1-2: Foul Ball, location: 2F 1-2: Ball 2-2: Strikes out swinging
|
Bottom of the 8th over - 1 run, 1 hit, 0 errors, 1 left on base; Atlantic City 6 - Durham 3 |
TOP OF THE 9TH |
Atlantic City Sonics batting - Pitching for Durham Rapiers : LHP Bill Minor
|
Batting: RHB Thurman Blumer
|
0-0: Foul Ball, location: 2F 0-1: Ball 1-1: Ball 2-1: Called Strike 2-2: Foul Ball, location: 2F 2-2: Ball 3-2: Base on Balls
|
Batting: RHB José Rodríguez
|
0-0: Called Strike 0-1: Ball 1-1: Swinging Strike 1-2: Foul Ball, location: 2F 1-2: Ball 2-2: Ball 3-2: Foul Ball, location: 2F 3-2: Foul Ball, location: 2F 3-2: Fly out, F9 (Line Drive, 89XD)
|
Pitching: RHP Stu Noble
|
|
Batting: RHB Eddie Sachs
|
0-0: Ball 1-0: Called Strike 1-1: Called Strike 1-2: Ball 2-2: DOUBLE (Line Drive, 7LM) Thurman Blumer to third
|
Batting: LHB Kelvin Abbott
|
0-0: Intentional Walk
|
Batting: RHB Alejandro Sánchez
|
0-0: Swinging Strike 0-1: Ball 1-1: Ball 2-1: Foul Ball, location: 2F 2-2: DOUBLE (Line Drive, 3D) Thurman Blumer scores Eddie Sachs scores Kelvin Abbott to third Runner from 3rd tries for Home, SAFE, no throw
|
Batting: LHB Juan Ledezma
|
0-0: Ball 1-0: SINGLE (Flyball, 7S) Alejandro Sánchez to third
|
Batting: LHB José Pacheco
|
0-0: Ball 1-0: Swinging Strike 1-1: Ground out U3 (Groundball, 34S) Alejandro Sánchez scores Juan Ledezma to second
|
Batting: RHB Malcolm Campbell
|
0-0: Foul Ball, location: 2F 0-1: Called Strike 0-2: Strikes out swinging
|
Top of the 9th over - 4 runs, 3 hits, 0 errors, 1 left on base; Atlantic City 10 - Durham 3 |
BOTTOM OF THE 9TH |
Durham Rapiers batting - Pitching for Atlantic City Sonics : RHP José Cabrera
|
Batting: RHB Vincent Klein
|
0-0: Called Strike 0-1: Ball 1-1: Swinging Strike 1-2: Ball 2-2: Strikes out looking
|
Batting: RHB Guillermo Mata
|
0-0: Called Strike 0-1: DOUBLE (Flyball, 8LXD)
|
Batting: RHB Raúl Moreno
|
0-0: Called Strike 0-1: Foul Ball, location: 2F 0-2: Strikes out swinging
|
Batting: RHB Yoshi Kouda
|
0-0: Swinging Strike 0-1: Swinging Strike 0-2: Strikes out swinging
|
Bottom of the 9th over - 0 runs, 1 hit, 0 errors, 1 left on base; Atlantic City 10 - Durham 3 |
|